 Dungeon Sprint DCSS version 0.23.2-30-g0e89c35649 (webtiles) character file.

Game seed: 6097617401148600892

262 Kobolds4U the Carver (level 5, -5/53 HPs)
             Began as a Minotaur Fighter on June 10, 2019.
             Splashed by a jelly's acid (10 damage)
             ... in the Dungeon (Sprint I: "Red Sonja").
             The game lasted 00:00:51 (212 turns).

Kobolds4U the Carver (Minotaur Fighter)              Turns: 212, Time: 00:00:52

Health: -5/53      AC:  4    Str: 26    XL:     5   Next: 97%
Magic:  4/4        EV:  7    Int:  5    God:
Gold:   54         SH: 10    Dex: 10    Spells: 4/4 levels left

rFire    . . .     SeeInvis .   a - +0 long sword
rCold    . . .     Gourm    .   c - +0 shield
rNeg     . . .     Faith    .   b - +0 scale mail
rPois    .         Spirit   .   (helmet restricted)
rElec    .         Reflect  .   (no cloak)
rCorr    .         Harm     .   (no gloves)
MR       .....     NoTele   +   (no boots)
Stlth    ..........             (no amulet)
HPRegen  0.17/turn              (no ring)
MPRegen  0.09/turn              (no ring)

@: mighty, corroded
A: retaliatory headbutt, horns 2
a: no special abilities


You were in the Dungeon.
You were not hungry.

You visited 1 branch You collected 54 gold pieces.

Inventory:

Hand Weapons
 a - a +0 long sword (weapon)
Armour
 b - a +0 scale mail (worn)
 c - a +0 shield (worn)
Wands
 d - a wand of digging (7)
Scrolls
 k - a scroll of blinking
Potions
 e - a potion of curing
 g - a potion of heal wounds
 h - a potion of haste
 i - 2 potions of magic
 j - a potion of berserk rage
Comestibles
 f - a ration
 l - 6 chunks of flesh


   Skills:
 + Level 8.2 Fighting
 * Level 10.6 Long Blades
 + Level 8.2 Armour
 - Level 3.6 Shields


You had 4 spell levels left.
You didn't know any spells.
Your spell library was empty.

Dungeon Overview and Level Annotations

Branches:
Dungeon (1/1)

Altars:
Sif Muna
Vehumet
Wu Jian


Innate Abilities, Weirdness & Mutations

You reflexively headbutt those who attack you in melee.
You have a pair of horns on your head.


Message History

You open the door.
Found 16 gold pieces and 18 stones.
Found an ornate altar of the Wu Jian Council and a deep blue altar of Sif Muna.
A jelly comes into view.
There is an open door here.
Found a radiant altar of Vehumet.
You see here 16 gold pieces.
The jelly hits you.
* * * LOW HITPOINT WARNING * * *
You are splashed with acid!
* * * LOW HITPOINT WARNING * * *
You see here 18 stones.
You hit the jelly.
Your hands burn!
* * * LOW HITPOINT WARNING * * *
Your headbutt misses the jelly.
The jelly is moderately wounded.
The jelly hits you.
* * * LOW HITPOINT WARNING * * *
The acid corrodes you!
You are splashed with acid!
You die...

################
#<.#..').#..'.$#
#..'[.#..').#$.+
#..#####+#####'#
#..# #$# #..#
#@# #..# #_J+
#⌠⌠# ..._# ####
#_.#+# ##+


You could see a jelly.

Vanquished Creatures
  Sigmund (D)
  An ogre (D)
  Ijyb (D)
3 creatures vanquished.

Notes
Turn   | Place    | Note
-------+----------+-------------------------------------------
     0 | D        | Kobolds4U the Minotaur Fighter began the quest for the Orb.
     0 | D        | Reached XP level 1. HP: 19/19 MP: 0/0
     1 | D        | Noticed Ijyb
    16 | D        | Killed Ijyb
    16 | D        | Reached skill level 5 in Fighting
    16 | D        | Reached skill level 5 in Long Blades
    16 | D        | Reached skill level 5 in Armour
    16 | D        | Reached XP level 2. HP: 14/29 MP: 1/1
   182 | D        | Noticed an ogre
   187 | D        | Killed an ogre
   187 | D        | Reached skill level 8 in Long Blades
   187 | D        | Reached XP level 3. HP: 20/38 MP: 2/2
   187 | D        | Reached XP level 4. HP: 24/45 MP: 3/3
   190 | D        | Noticed Sigmund
   195 | D        | Killed Sigmund
   195 | D        | Reached skill level 10 in Long Blades
   195 | D        | Reached XP level 5. HP: 14/53 MP: 4/4
   207 | D        | Found an ornate altar of the Wu Jian Council.
   207 | D        | Found a deep blue altar of Sif Muna.
   209 | D        | Found a radiant altar of Vehumet.
   212 | D        | Splashed by a jelly's acid

Skill      XL: |  1  2  3  4 |
---------------+-------------+-----
Fighting       | 5 6 8 |  8.2
Long Blades    | 5 8 10 | 10.6
Armour         | 5 6 8 |  8.2
Shields        | |  3.6

Action                   |  1- 3 |  4- 6 || total
-------------------------+-------+-------++-------
Melee: Long sword        |    17 |     5 ||    22
       Headbutt          |     2 |     2 ||     4
  Use: Potion            |     1 |       ||     1
Armor: Scale mail        |     6 |     2 ||     8
Dodge: Dodged            |     4 |       ||     4
Block: Shield            |     7 |       ||     7
       Rpst.: Long sword |     1 |       ||     1
